AoeStats
← Dachin

Arabia

508403013Analyzed
1v1 RM · 9d ago on Sep 22, 2026· 30m 20s· 2 players
Game mode
Random Map
Map size
Tiny (2 player)
Population
200
Speed
Normal
Resources
Standard
Victory
Conquest
Starting age
Dark Age
Ending age
Imperial Age
RankedLock teamsTeams togetherTeam positionsShared explorationLock speedFull tech treeHidden civsTurbo modeCheats
Victory
Defeat
🇪🇸 Mongols · Spain
1191
+16
🇨🇳 Huns · China
1197
-16
SerCaver
6:15 Loom
9:21 Feudal Age
11:07 Double-Bit Axe
16:20 Horse Collar
17:08 Fletching
23:30 Castle Age
22:15 Scale Barding Armor
22:57 Bloodlines
22:59 Forging
24:37 Chain Barding Armor
25:09 Bow Saw
25:58 Iron Casting
26:38 Wheelbarrow
27:23 Husbandry
28:44 Bodkin Arrow
29:26 Gold Mining
30:42 Stone Mining
Dachin
8:11 Loom
10:41 Feudal Age
10:57 Man-at-Arms
16:01 Double-Bit Axe
16:02 Horse Collar
24:58 Castle Age
24:51 Wheelbarrow
24:58 Bloodlines
25:13 Gold Mining
Connection lost

Rejoining the realm…

Still unreachable

The connection could not be restored.

Session expired

The server has moved on; the page needs a fresh start.